 Dungeon Crawl Stone Soup version 0.28-a0-245-g639a1a48b9 (webtiles) character file.

Game seed: 334859535441612386

193 lmSkywalker the Poker (level 5, -16/38 HPs)
             Began as a Merfolk Gladiator on Aug 24, 2021.
             Killed from afar by a gnoll (17 damage)
             ... with an iceblast
             ... on level 4 of the Dungeon.
             The game lasted 00:10:29 (4165 turns).

lmSkywalker the Poker (Merfolk Gladiator)           Turns: 4165, Time: 00:10:30

Health: -16/38     AC:  7    Str: 14    XL:     5   Next: 72%
Magic:  5/5        EV: 14    Int:  9    God:
Gold:   175        SH:  0    Dex: 15    Spells: 4/4 levels left

rFire   . . .      SeeInvis .   a - +0 trident
rCold   . . .      Faith    .   (no shield)
rNeg    . . .      Spirit   .   o - +3 leather armour
rPois   .          Reflect  .   c - +0 helmet
rElec   .          Harm     .   (no cloak)
rCorr   .          Rampage  .   (no gloves)
Will    .....                   (no boots)
Stlth   ++........              (no amulet)
HPRegen 0.12/turn               (no ring)
MPRegen 0.09/turn               (no ring)

@: no status effects
A: (nimble swimmer 2), mertail
a: no special abilities


You were on level 4 of the Dungeon.
You visited 1 branch of the dungeon, and saw 4 of its levels.

You collected 175 gold pieces.

Inventory:

Hand Weapons
 a - a +0 trident (weapon)
Missiles
 d - 3 throwing nets
 m - 4 javelins (quivered)
Armour
 b - a +0 leather armour
 c - a +0 helmet (worn)
 k - a +0 ring mail
 o - a +3 leather armour (worn)
Wands
 q - a wand of acid (2)
Scrolls
 e - 2 scrolls of teleportation
 g - a scroll of fog {unknown}
 i - a scroll of identify {unknown}
 j - a scroll of enchant weapon {unknown}
 p - 2 scrolls of enchant armour {unknown}
Potions
 f - a potion of curing {unknown}
 h - a potion of berserk rage {unknown}
 l - a potion of flight {unknown}
 n - a potion of lignification {unknown}
 r - a potion of attraction {unknown}


   Skills:
 - Level 2.1 Fighting
 + Level 6.8 Polearms
 - Level 2.0 Throwing
 + Level 6.1 Dodging
 - Level 2.0 Stealth


You had 4 spell levels left.
You didn't know any spells.
Your spell library contained the following spells:

 Spells                   Type           Power      Damage    Failure   Level
 Passwall                 Tmut/Erth      0%         N/A       61%         2
 Swiftness                Air            0%         N/A       83%         3
 Invisibility             Hex            0%         N/A       100%        6


Dungeon Overview and Level Annotations

Branches:
Dungeon (4/15)
 Temple: D:4-7

Altars:
Nemelex Xobeh

Annotations:
D:4 Dowan, Duvessa


Innate Abilities, Weirdness & Mutations

((You are quick and stealthy near water. (Stealth+, EV+, Speed+++)))
Your lower body shifts to a powerful aquatic tail in water.


Message History

A goblin comes into view. It is wielding a +0 dagger.
A goblin is nearby!
Things that are here:
a +0 whip; 14 gold pieces; a gnoll corpse
Things that are here:
a +0 whip; 14 gold pieces; a gnoll corpse What are your orders? t - Shout!
Orders for allies: a - Attack new target. r - Retreat! s - Stop attacking. g - Guard the area. f - Follow me.
Anything else - Cancel.
You shout for attention!
The goblin shouts!
You hear a shout!
Things that are here:
a +0 club; a quokka corpse You reach to attack!
You puncture the goblin!
You kill the goblin!
No target in view!
Things that are here:
a +0 club; a quokka corpse You see here a +0 dagger.
You now have 175 gold pieces (gained 14).
Things that are here:
a +0 whip; a gnoll corpse The gnoll shouts!
Things that are here:
a +0 short sword; 5 stones; a kobold corpse A gnoll is nearby!
The gnoll zaps a wand.
The mass of ice explodes!
The iceblast engulfs you!
You see here a javelin.
m - 4 javelins (gained 1)
The gnoll zaps a wand.
The mass of ice explodes!
The iceblast engulfs you!
Things that are here:
a +0 short sword; 5 stones; a kobold corpse The gnoll zaps a wand.
The mass of ice explodes!
The iceblast engulfs you!
* * * LOW HITPOINT WARNING * * *
Things that are here:
a +0 whip; a gnoll skeleton The gnoll zaps a wand.
The mass of ice explodes!
The iceblast engulfs you!
You die...

..##...... .........
#.##...... .........
#..#...... #.......#
##.#...... #.......# #........
.......#### ##.......
#.#.#...g..# #.......
#.._.......############.......
#..)...)@..#.............
##....####)#.######.##.#.
..........##)#.#.........#.
#########.##.#)#.####.##.#.
.##.#.#.#<......#.
##.#.#.#.##..#.#.
#.#.#.#.#.....#.
#.#.#.###.#...#.
##.#.#.#.#.##..#.


You could see a gnoll.

Vanquished Creatures
  A necrophage (D:3)
  3 gnolls (D:4)
  An adder (D:2)
  2 worms (D:2)
  2 dart slugs (D:2)
  5 bats
  6 endoplasms
  3 giant cockroaches
  5 goblins
  5 hobgoblins
  3 jackals (D:1)
  2 quokkas
  4 ball pythons
  3 frilled lizards
  6 kobolds
  12 rats
63 creatures vanquished.

Vanquished Creatures (others)
  A demonic plant (D:3)
1 creature vanquished.

Grand Total: 64 creatures vanquished

Notes
Turn   | Place    | Note
-------+----------+-------------------------------------------
     0 | D:1      | lmSkywalker the Merfolk Gladiator began the quest for the
                  | Orb.
     0 | D:1      | Reached XP level 1. HP: 16/16 MP: 1/1
   263 | D:1      | Reached XP level 2. HP: 22/22 MP: 2/2
   407 | D:1      | Reached skill level 5 in Polearms
  1182 | D:2      | Reached XP level 3. HP: 27/27 MP: 3/3
  1397 | D:2      | Reached skill level 5 in Dodging
  1963 | D:2      | Reached XP level 4. HP: 24/33 MP: 4/4
  2512 | D:3      | Found a faded altar of an unknown god.
  2525 | D:3      | Noticed a necrophage
  2954 | D:3      | Killed a necrophage
  2955 | D:3      | Reached XP level 5. HP: 38/38 MP: 5/5
  3254 | D:4      | Noticed Duvessa
  3254 | D:4      | Noticed Dowan
  3934 | D:4      | Found a sparkling altar of Nemelex Xobeh.
  4163 | D:4      | HP: 1/38 [gnoll/iceblast (12)]
  4165 | D:4      | Killed from afar by a gnoll

Illustrated notes

Levels and vault maps discovered:
D:1:      ncdulo_wetmaze, layout_loops_corners, minmay_rat_gold_closets
D:2:      layout_basic, serial_aquarium, aquarium_bridge_square
          [aquarium_subvault_bridge, aquarium_subvault_wall,
          aquarium_subvault_wall, aquarium_subvault_bridge],
          aquarium_bridge_island_small [aquarium_subvault_small_open,
          aquarium_subvault_wall, aquarium_subvault_bridge,
          aquarium_subvault_wall, aquarium_subvault_bridge],
          aquarium_window_corner, aquarium_window_fake,
          aquarium_window_corridor_3, aquarium_view_2e, aquarium_balcony_1a,
          aquarium_pool_split, chequers_serial_rivers_micro_d
D:3:      layout_basic, shapermc_ecumenical_altar_gd
D:4:      layout_basic, lemuel_crystal_altar, uniq_edmund, uniq_duvessa

Skill      XL: |  1  2  3  4  5 |
---------------+----------------+-----
Polearms       | 5 6 |  6.8
Dodging        | 5 6 |  6.1
Stealth        | 2 |  2.0
Fighting       | |  2.1
Throwing       | |  2.0

Action                   |  1- 3 |  4- 6 || total
-------------------------+-------+-------++-------
Melee: Trident           |   134 |    84 ||   218
Throw: Javelin           |       |     1 ||     1
Evoke: Wand              |       |     5 ||     5
  Use: Scroll            |       |     1 ||     1
 Stab: Sleeping          |     6 |     3 ||     9
Armor: Leather armour    |    25 |    16 ||    41
Dodge: Dodged            |    65 |    36 ||   101

Table legend: (Time is in decaauts)
 A = Elapsed time spent in this place.
 B = Non-inter-level travel time spent in this place.
 C = Inter-level travel time spent in this place.
 D = Time resting spent in this place.
 E = Time spent auto-exploring this place.
 F = Levels seen in this place.
 G = Mean time per level.
                   A        B        C        D        E       F      G
               +--------+--------+--------+--------+--------+-----+--------+
         Total |   4168 |   3768 |    400 |    884 |   1588 |   4 | 1042.0 |
       Dungeon |   4168 |   3768 |    400 |    884 |   1588 |   4 | 1042.0 |
               +--------+--------+--------+--------+--------+-----+--------+

Top non-repeatable levels by time:
     D:2: 1469 daAuts
     D:3: 1041 daAuts
     D:1: 1016 daAuts
     D:4: 641 daAuts
